 Dungeon Crawl Stone Soup version 0.29-a0-275-g389c0b56f3 (webtiles) character file.

Game seed: 8486743809317090719

64 spaghetti the Conjurer (level 3, 0/24 HPs)
             Began as a Demonspawn Conjurer on Mar 10, 2022.
             Slain by Sigmund
             ... wielding a +0 scythe
              (3 damage)
             ... on level 2 of the Dungeon.
             The game lasted 00:04:28 (2366 turns).

spaghetti the Conjurer (Demonspawn Conjurer)        Turns: 2366, Time: 00:04:28

Health: 0/24       AC:  3    Str:  9    XL:     3   Next: 91%
Magic:  4/6        EV: 12    Int: 21    God:
Gold:   46         SH:  0    Dex: 13    Spells: 3/7 levels left

rFire   . . .      SeeInvis .   (no weapon)
rCold   . . .      Faith    .   (no shield)
rNeg    . . .      Spirit   .   a - +0 robe
rPois   .          Reflect  .   (no helmet)
rElec   .          Harm     .   (no cloak)
rCorr   .          Rampage  .   (no gloves)
Will    .....                   d - +0 pair of boots
Stlth   ++........              (no amulet)
HPRegen 0.08/turn               (no ring)
MPRegen 0.10/turn               (no ring)

@: on berserk cooldown, slowed, very slow
A: foul stench 1, weakness stinger 1, claws 1, agile 1, strong 1, noise
suppression
a: no special abilities


You were on level 2 of the Dungeon.
You visited 1 branch of the dungeon, and saw 2 of its levels.

You collected 46 gold pieces.


Innate Abilities, Weirdness & Mutations

You may rarely emit foul miasma when damaged in melee.
You have a small tail.
You have sharp fingernails.
You are agile. (Dex +2)
Your muscles are strong. (Str +2)
You passively dampen the noise of your surroundings.


   Skills:
 - Level 1.7 Dodging
 - Level 1.7 Stealth
 + Level 2.6 Spellcasting
 - Level 5.0 Conjurations
 + Level 1.0 Earth Magic


You had 3 spell levels left.
You knew the following spells:

 Your Spells              Type           Power      Damage    Failure   Level
a - Magic Dart            Conj           92%        1d7       1%          1
b - Stone Arrow           Conj/Erth      30%        3d8       12%         3

Your spell library contained the following spells:

 Spells                   Type           Power      Damage    Failure   Level
 Searing Ray              Conj           46%        2d6       2%          2
 Sandblast                Erth           14%        2d6       9%          1
 Dazzling Flash           Conj/Hex       26%        N/A       16%         3
 Passwall                 Tmut/Erth      3%         N/A       17%         2
 Fulminant Prism          Conj/Hex       6%         3d7       45%         4
 Iskenderun's Mystic Bla  Conj/Tloc      13%        2d5       45%         4

Inventory:

Hand Weapons
 b - a +0 flail {mace}
   (You found it on level 1 of the Dungeon)
 e - a +0 whip {mace}
   (You found it on level 1 of the Dungeon)
 f - a +0 short sword {short}
   (You took it off a kobold on level 2 of the Dungeon)
 h - a +0 short sword {short}
   (You found it on level 1 of the Dungeon)
 k - a +0 mace {mace}
   (You took it off a kobold on level 1 of the Dungeon)
 l - a +0 hand axe {axe}
   (You found it on level 2 of the Dungeon)
 m - a +0 club {mace}
   (You found it on level 2 of the Dungeon)
 n - a +0 club {mace}
   (You took it off a goblin on level 2 of the Dungeon)
 o - a +0 dagger {short}
   (You took it off Robin on level 2 of the Dungeon)
Missiles
 c - 131 stones {throwing}
Armour
 a - a +0 robe (worn)
 d - a +0 pair of boots (worn)
   (You found it on level 1 of the Dungeon)
Jewellery
 g - a ring of flight
   (You found it on level 1 of the Dungeon)
Scrolls
 i - 2 scrolls of identify {@r1}

Dungeon Overview and Level Annotations

Branches:
Dungeon (2/15)

Altars:

Annotations:
D:2 Sigmund

.....######### #....โ™ฃ
.......# #....โ™ฃ .......#
#.#### .......# #.#
.......# #.# #####..#
######.# #..# #....g.#
#..## #.####.# .####...##
#@# #.## .......#.# #.#
#..# ## # .####...##
###.###g###.###.# #
#<..#######
#$............?. #
#.............##.###.###.##
# #..######## #...........#
# #..# ..)##.###)##...#
#####..# #.#.#.. ...# .#
.รท.....# #..#... .##...


There were no monsters in sight!


Message History

Your hp is fully restored (24).
Sigmund the Dreaded comes into view.
He is wielding a +0 scythe.
An endoplasm comes into view.
Sigmund shouts!
The endoplasm quivers.
An endoplasm is nearby!
A goblin comes into view. It is wielding a +0 club.
The goblin shouts!
A goblin comes into view. It is wielding a +0 dagger.
A hobgoblin comes into view.
The endoplasm closely misses you.
Things that are here:
a +0 animal skin; a +0 helmet; the hobgoblin corpse of Robin You scratch the endoplasm.
The endoplasm barely misses you. The endoplasm attacks as you move away!
The endoplasm hits you but does no damage.
The endoplasm attacks as you move away! The endoplasm closely misses you.
Sigmund says, "Don't worry, I'll kill you fast."
Sigmund mumbles some strange words.
Sigmund flickers and vanishes!
Deactivating autopickup; reactivate with Ctrl-A.
Really quaff
j - a potion of berserk rage {!q}?
A red film seems to cover your vision as you go berserk!
You feel yourself moving faster!
You feel mighty! The endoplasm freezes you.
You are frozen. ๐Ÿ˜• HP[+9]
You now have 36 max hp (+12).
You regained 9 hp, and now have 33/36 hp.
You scratch the endoplasm.
You kill the endoplasm!
The goblin unwields a +0 club.
The goblin wields a +0 hunting sling.
The goblin shoots a sling bullet.
Something hits you. ๐Ÿ˜• HP[-1]
You take 1 damage, and now have 32/36 hp.
You miss something. You barely miss something.
The goblin shoots a sling bullet.
You hear some strange, mumbled words.
You are confused. ๐Ÿ˜• HP[+1]
You bump into the rock wall.
The goblin shoots a sling bullet.
The sling bullet misses you.
You're too confused to move!
You feel a strong urge to attack something.
Something barely misses you.
You bump into the rock wall.
The goblin shoots a sling bullet.
You feel your anger nearly subside.
You are no longer berserk.
You are exhausted.
You feel yourself slow down. Something hits you.
The goblin shoots a sling bullet.
The sling bullet misses you. ๐Ÿ˜ฎ HP[-15]
You now have 24 max hp (-12).
You take 15 damage, and now have 18/24 hp.
MASSIVE DAMAGE!! (PAUSE)
The goblin shoots a sling bullet.
The sling bullet barely misses you. Something barely misses you.
You bump into the rock wall.
You feel less confused. Something hits you!
Ouch! That really hurt!
* * * LOW HITPOINT WARNING * * *
๐Ÿ˜ฑ HP[-12]
You take 12 damage, and now have 6/24 hp.
MASSIVE DAMAGE!! (PAUSE)
You aren't carrying any potions.
Unknown command.
You aren't carrying any potions.
Okay, then.
Unknown command.
You aren't carrying any potions.
Okay, then.
A magic dart appears from out of thin air!
The magic dart hits you.
* * * LOW HITPOINT WARNING * * *
๐Ÿ˜ฑ HP[-3]
You take 3 damage, and now have 3/24 hp.
Okay, then.
You aren't carrying any items that you can evoke.
You aren't carrying any potions.
Okay, then.
The goblin shoots a sling bullet.
Something hits you.
* * * LOW HITPOINT WARNING * * *
Casting: Magic Dart (safe; 1% risk of failure)
Confirm with . or Enter, or press ? or * to list all spells.
You can't see any susceptible monsters within range! (Use Z to cast anyway.)
Casting: Magic Dart (safe; 1% risk of failure)
Confirm with . or Enter, or press ? or * to list all spells.
Aiming: Magic Dart (safe; 1% risk of failure)
Press: ? - help, Shift-Dir - straight line The magic dart hits something.
Something barely misses you. ๐Ÿ˜ฑ MP[-1]
You lost 1 mp, and now have 5/6 mp.
Casting: Magic Dart (safe; 1% risk of failure)
Confirm with . or Enter, or press ? or * to list all spells.
Aiming: Magic Dart (safe; 1% risk of failure)
Press: ? - help, Shift-Dir - straight line The magic dart hits something.
Something hits you.
You die...

Skill      XL: |  1  2  3 |
---------------+----------+-----
Conjurations   | 5 |  5.0
Earth Magic    | 1 |  1.0
Dodging        | |  1.7
Stealth        | |  1.7
Spellcasting   | |  2.6

Action                   || total
-------------------------++-------
Melee: Unarmed           ||    50
       Tailslap          ||     3
       Punch             ||     1
 Cast: Magic Dart        ||    51
  Use: Potion            ||     4
       Scroll            ||     2
Armor: Robe              ||    14
Dodge: Dodged            ||    39

Levels and vault maps discovered:
D:1:      dpeg_arrival_morbid_curiosity, layout_basic,
          shapermc_ecumenical_altar_petra
D:2:      layout_loops_ring, serial_forest, infiniplex_forest_end_2,
          infiniplex_forest_pool, infiniplex_forest_side_room,
          infiniplex_forest_clump_cross, infiniplex_forest_end_2,
          nicolae_concentric_dashed_squares_mild, minmay_tripent, uniq_sigmund,
          uniq_robin

Notes
Turn   | Place    | Note
-------+----------+-------------------------------------------
     0 | D:1      | spaghetti the Demonspawn Conjurer began the quest for the
                  | Orb.
     0 | D:1      | Reached XP level 1. HP: 13/13 MP: 3/3
     0 | D:1      | magus.rc [v1.9.6]
   532 | D:1      | Gained mutation: You have a small tail. [demonic ancestry]
   532 | D:1      | Reached XP level 2. HP: 19/19 MP: 3/5
   584 | D:1      | Found a faded altar of an unknown god.
  1462 | D:2      | Gained mutation: You have sharp fingernails. [potion of
                  | mutation]
  1462 | D:2      | Gained mutation: Your muscles are strong. (Str +2) [potion
                  | of mutation]
  1462 | D:2      | Gained mutation: You passively dampen the noise of your
                  | surroundings. [potion of mutation]
  1462 | D:2      | Gained mutation: You are agile. (Dex +2) [potion of
                  | mutation]
  1517 | D:2      | You pick up a book of Geomancy and begin reading...
  1517 | D:2      | You add the spells Sandblast, Passwall and Stone Arrow to
                  | your library.
  1613 | D:2      | HP: 4/19 [jackal (1)]
  1915 | D:2      | Reached skill level 5 in Conjurations
  1915 | D:2      | Gained mutation: You may rarely emit foul miasma when
                  | damaged in melee. [demonic ancestry]
  1915 | D:2      | Reached XP level 3. HP: 18/24 MP: 2/6
  2084 | D:2      | Learned a level 3 spell: Stone Arrow
  2242 | D:2      | Noticed Robin
  2252 | D:2      | Killed Robin
  2253 | D:2      | Reached skill level 1 in Earth Magic
  2336 | D:2      | Noticed Sigmund
  2360 | D:2      | HP: 6/24 [something (12)]
  2366 | D:2      | Slain by Sigmund

Vanquished Creatures
  Robin (D:2)
  2 adders (D:2)
  2 ball pythons
  2 endoplasms
  6 goblins
  2 hobgoblins (D:1)
  5 jackals (D:2)
  A quokka (D:2)
  3 bats
  2 kobolds
  5 rats
31 creatures vanquished.

Vanquished Creatures (others)
  6 plants (D:2)
6 creatures vanquished.

Grand Total: 37 creatures vanquished

Table legend:
 A = Non-vault XP
 B = Vault XP
 C = Vault XP percentage of total XP
 D = Non-vault monster count
 E = Vault monster count
 F = Vault count percentage of total count
                 A         B        C        D         E       F
            +---------+---------+-------+---------+---------+-------
      Total |      54 |      38 |  41.3 |      19 |      12 |  38.7
            +---------+---------+-------+---------+---------+-------
        D:1 |       8 |       9 |  52.9 |       5 |       5 |  50.0
        D:2 |      46 |      29 |  38.7 |      14 |       7 |  33.3
            +---------+---------+-------+---------+---------+-------

Illustrated notes

Table legend:
 A = Kills in this place as a percentage of kills in entire the game.
 B = Kills by you in this place as a percentage of kills by you in the entire game.
 C = Kills by friends in this place as a percentage of kills by friends in the entire game.
 D = Other kills in this place as a percentage of other kills in the entire game.
 E = Experience gained in this place as a percentage of experience gained in the entire game.
 F = Experience gained in this place divided by the number of levels of this place that you have seen.
                   A       B       C       D       E      F
               +-------+-------+-------+-------+-------+----------------------
         Total | 100.0 | 100.0 |   N/A |   N/A | 100.0 |  46.0
       Dungeon | 100.0 | 100.0 |   N/A |   N/A | 100.0 |  46.0
               +-------+-------+-------+-------+-------+----------------------

Table legend: (Time is in decaauts)
 A = Elapsed time spent in this place.
 B = Non-inter-level travel time spent in this place.
 C = Inter-level travel time spent in this place.
 D = Time resting spent in this place.
 E = Time spent auto-exploring this place.
 F = Levels seen in this place.
 G = Mean time per level.
                   A        B        C        D        E       F      G
               +--------+--------+--------+--------+--------+-----+--------+
         Total |   2374 |   2329 |     45 |    561 |   1549 |   2 | 1187.0 |
       Dungeon |   2374 |   2329 |     45 |    561 |   1549 |   2 | 1187.0 |
               +--------+--------+--------+--------+--------+-----+--------+

Top non-repeatable levels by time:
     D:2: 1291 daAuts
     D:1: 1083 daAuts
